 Dungeon Crawl Stone Soup version 0.30-a0-121-gb27577e5d9 (webtiles) character file.

Game seed: 8416298994193185794

130554 BritishOli the Warrior (level 16, -2/131 HPs)
             Began as a Demonspawn Fighter on Sept 14, 2022.
             Was the Champion of Okawaru.
             Constricted to death by a shambling mangrove (19 damage)
             ... on level 3 of the Swamp.
             The game lasted 01:55:27 (24689 turns).

BritishOli the Warrior (Demonspawn Fighter)        Turns: 24689, Time: 01:55:28

Health: -2/131     AC: 36    Str: 27    XL:     16   Next: 53%
Magic:  16/16      EV:  7    Int: 12    God:    Okawaru [******]
Gold:   2557       SH:  8    Dex: 24    Spells: 15/15 levels left

rFire   + + .      SeeInvis .    W - +2 long sword (flame)
rCold   + + +      Faith    .    D - +2 buckler "Quow" {Drain rF+ rC+ Dex+2}
rNeg    + + +      Spirit   .    P - +9 scales of the Dragon King {rPois rF+ rC+ Will+}
rPois   +          Reflect  .    c - +1 hat
rElec   .          Harm     .    X - +1 cloak of Impatience {rPois rN++ rCorr Stlth+}
rCorr   +          Rampage  .    S - -1 pair of gloves of Juroik {rPois}
Will    ++...      Rage     3%   k - +0 pair of boots
Stlth   ..........               n - amulet of regeneration
HPRegen 2.11/turn                x - +6 ring of dexterity
MPRegen 0.15/turn                Q - ring "Norr" {rN+ Str+6 Int+2}

@: agile, grasped by roots, on berserk cooldown, constricted
A: antennae 2, thin metallic scales 2, powered by death 3, powered by pain 2,
talons 1, agile 1, berserk 1, cold resistance 1, frail 1, weak 1
a: Renounce Religion, Heroism, Finesse, Duel


You were on level 3 of the Swamp.
You worshipped Okawaru.
Okawaru was exalted by your worship.
You visited 4 branches of the dungeon, and saw 26 of its levels.
You also visited: Gauntlet.

You collected 2697 gold pieces.
You spent 140 gold pieces at shops.

Inventory:

Hand Weapons
 s - the +9 falchion of the Mouth {vorpal, Str+2}
   (You found it in a Gauntlet)

   It inflicts extra damage upon your enemies.
   Str:       It affects your strength (+2).
 W - a +2 long sword of flaming (weapon)
Missiles
 o - 16 javelins
 N - 7 silver javelins (quivered)
 U - 3 throwing nets
Armour
 a - the +1 pair of gloves "Evvonari" {Will+}
   (Okawaru gifted it to you on level 15 of the Dungeon)

   Will:      It increases your willpower.
 c - a +1 hat (worn)
 k - a +0 pair of boots (worn)
 D - the +2 buckler "Quow" (worn) {Drain rF+ rC+ Dex+2}
   (Okawaru gifted it to you on level 12 of the Dungeon)

   Dex:       It affects your dexterity (+2).
   rF:        It protects you from fire.
   rC:        It protects you from cold.
   Drain:     It drains your maximum health when unequipped.
 E - the +9 plate armour of Exclusion {rC+ Int+6}
   (Okawaru gifted it to you on level 4 of the Swamp)

   Int:       It affects your intelligence (+6).
   rC:        It protects you from cold.
 P - the +9 scales of the Dragon King (worn) {rPois rF+ rC+ Will+}
   (You found it on level 9 of the Dungeon)

   rF:        It protects you from fire.
   rC:        It protects you from cold.
   rPois:     It protects you from poison.
   Will:      It increases your willpower.
 S - the -1 pair of gloves of Juroik (worn) {rPois}
   (Okawaru gifted it to you on level 3 of the Lair of Beasts)

   rPois:     It protects you from poison.
 X - the +1 cloak of Impatience (worn) {rPois rN++ rCorr Stlth+}
   (You found it in a Gauntlet)

   rPois:     It protects you from poison.
   rN:        It greatly protects you from negative energy.
   rCorr:     It protects you from acid and corrosion.
   Stlth:     It makes you more stealthy.
Jewellery
 f - a ring of protection from fire
 n - an amulet of regeneration (around neck)
 v - a +4 ring of evasion
 x - a +6 ring of dexterity (left hand)
 y - a ring of see invisible
 Q - the ring "Norr" (right hand) {rN+ Str+6 Int+2}
   (You found it in a Gauntlet)

   [ring of strength]

   Str:       It affects your strength (+6).
   Int:       It affects your intelligence (+2).
   rN:        It protects you from negative energy.
Wands
 h - a wand of mindburst (11)
 j - a wand of digging (6)
 u - a wand of polymorph (4)
 z - a wand of light (1)
 G - a wand of flame (18)
 H - a wand of paralysis (13)
 J - a wand of iceblast (18)
Scrolls
 e - 4 scrolls of magic mapping
 i - 6 scrolls of enchant armour
 m - 7 scrolls of fog
 q - a scroll of identify
 r - a scroll of fear
 t - a scroll of poison
 A - 3 scrolls of silence
 C - a scroll of summoning {unknown}
 F - a scroll of blinking
 M - 3 scrolls of enchant weapon
 Z - a scroll of brand weapon
Potions
 b - 2 potions of magic {unknown}
 d - 6 potions of might
 g - 2 potions of curing
 l - a potion of ambrosia {unknown}
 p - 2 potions of cancellation {unknown}
 w - 4 potions of haste
 B - 2 potions of invisibility
 I - 2 potions of flight {unknown}
 K - 4 potions of lignification {unknown}
 Y - a potion of resistance {unknown}
Miscellaneous
 L - a tin of tremorstones (2/2)
 R - a phial of floods
 T - a condenser vane


   Skills:
 - Level 19.0 Fighting
 - Level 10.8(14.4) Short Blades
 + Level 15.1(16.5) Long Blades
 - Level 1.0 Maces & Flails
 - Level 12.0 Armour
 - Level 4.4 Shields


You had 15 spell levels left.
You didn't know any spells.
Your spell library contained the following spells:

 Spells                   Type           Power      Damage    Failure   Level
 Apportation              Tloc           0%         N/A       100%        1
 Beastly Appendage        Tmut           0%         N/A       100%        1
 Freeze                   Ice            0%         1d3       100%        1
 Necrotise                Necr           0%         1d4       100%        1
 Sandblast                Erth           0%         2d4       100%        1
 Slow                     Hex            0%         N/A       100%        1
 Cigotuvi's Dreadful Rot  Necr/Pois/Air  0%         N/A       100%        2
 Poisonous Vapours        Pois/Air       0%         N/A       100%        2
 Sublimation of Blood     Necr           0%         N/A       100%        2
 Confusing Touch          Hex            0%         N/A       100%        3
 Gell's Gravitas          Tloc           0%         N/A       100%        3
 Lesser Beckoning         Tloc           0%         N/A       100%        3
 Portal Projectile        Hex/Tloc       0%         N/A       100%        3
 Spider Form              Tmut/Pois      0%         N/A       100%        3
 Teleport Other           Tloc           0%         N/A       100%        3
 Vampiric Draining        Necr           0%         2d6       100%        3
 Leda's Liquefaction      Hex/Erth       0%         N/A       100%        4
 Olgreb's Toxic Radiance  Pois           0%         N/A       100%        4
 Petrify                  Tmut/Erth      0%         N/A       100%        4
 Agony                    Necr           0%         N/A       100%        5
 Blade Hands              Tmut           0%         N/A       100%        5
 Borgnjor's Vile Clutch   Necr/Erth      0%         N/A       100%        5
 Freezing Cloud           Conj/Ice/Air   0%         6-21      100%        5
 Irradiate                Conj/Tmut      0%         3d11      100%        5
 Lee's Rapid Deconstruct  Erth           0%         3d5*      100%        5
 Metabolic Englaciation   Hex/Ice        0%         N/A       100%        5
 Yara's Violent Unravell  Hex/Tmut       0%         3d3       100%        5
 Eringya's Noxious Bog    Tmut/Pois      0%         N/A       100%        6
 Statue Form              Tmut/Erth      0%         N/A       100%        6
 Dragon Form              Tmut           0%         N/A       100%        7
 Enfeeble                 Hex            0%         N/A       100%        7
 Maxwell's Capacitive Co  Air            0%         ∞         100%        8
 Summon Small Mammal      Summ           Unusable   N/A       N/A         1
 Summon Guardian Golem    Hex/Summ       Unusable   N/A       N/A         3
 Tukima's Dance           Hex            Unusable   N/A       N/A         3
 Animate Dead             Necr           Unusable   N/A       N/A         4
 Summon Forest            Summ/Tloc      Unusable   N/A       N/A         5
 Summon Mana Viper        Hex/Summ       Unusable   N/A       N/A         5
 Death Channel            Necr           Unusable   N/A       N/A         6

Dungeon Overview and Level Annotations

Branches:
Dungeon (15/15)            Temple (0/1) D:7            Lair (5/5) D:9
  Swamp (4/4) Lair:2       Spider (0/4) Lair:3        Slime (0/5) Lair:5
    Orc (2/2) D:10            Elf (0/3) Orc:2        Vaults (0/5) D:14
 Depths (0/4) D:15        Gauntlet (visited)

Altars:
Dithmenos
Okawaru
Qazlal
Trog

Shops:
D:1 *   D:5 [   D:13 [   Orc:2 [[!:

Annotations:
D:9 2 transporters, LordBelias's ghost, journeyman FoFi
D:14 3 runed translucent doors, fly's ghost, journeyman DgDe
Swamp:3 Aizul
Orc:2 Pierdu's ghost, adept SpEn


Innate Abilities, Weirdness & Mutations

You have a pair of antennae on your head.
You are mostly covered in thin metallic scales. (AC +3)
You regenerate a lot of health from kills.
You sometimes gain power by taking damage.
You have sharp toenails.
You are agile. (Dex +4, Str/Int -1)
You sometimes lose your temper in combat.
Your flesh is cold resistant. (rC+)
You are frail. (-10% HP)
You are weak. (Str -2)


Message History

The shambling mangrove hits you!
You focus on the pain.
You feel agile all of a sudden. The grasping roots constrict you.
You hit the shambling mangrove but do no damage.
The shambling mangrove is lightly damaged.
The shambling mangrove hits you. The grasping roots constrict you!
* * * LOW HITPOINT WARNING * * *
You hit the shambling mangrove. You burn the shambling mangrove.
The shambling mangrove is moderately damaged.
The grasping roots release their grip on you.
You hit the shambling mangrove but do no damage.
The shambling mangrove is moderately damaged.
Roots burst forth from the earth!
The grasping roots grab you! The grasping roots constrict you.
You slash the shambling mangrove! You burn the shambling mangrove.
The shambling mangrove is heavily damaged.
You feel yourself speed up.
The shambling mangrove hits you but does no damage.
The grasping roots constrict you.
You barely miss the shambling mangrove.
The shambling mangrove is heavily damaged.
You block the shambling mangrove's attack.
The grasping roots constrict you.
You hit the shambling mangrove. You burn the shambling mangrove.
The shambling mangrove is heavily damaged.
Angry insects surge out from beneath the shambling mangrove's foliage!
The shambling mangrove hits you but does no damage.
The grasping roots constrict you!
* * * LOW HITPOINT WARNING * * *
You focus on the pain.
You feel more agile all of a sudden.
You hit the shambling mangrove but do no damage.
The shambling mangrove is heavily damaged.
You hit the shambling mangrove but do no damage.
The shambling mangrove is heavily damaged.
You block the hornet's attack. x2; The shambling mangrove hits you!
* * * LOW HITPOINT WARNING * * *
The grasping roots constrict you!!
You die...

♣..~ ....§~~~~~.♣
♣~ ♣.~f~~~
~~.~~.~~~.♣♣ ♣♣○
♣.~~~~
~~~~~~~w~t♣♣♣♣○°
♣..~~~
~~~~~~~§~~Z.°{Z~
♣.~§~
~~~~~~.♣~..~tZ~°
♣.~~
§.~~~~.~♣w~~~°°°
♣..♣♣♣
.~~~~♣♣?.♣♣♣~○§
♣~~†~♣♣♣♣.~~~♣♣~.~.
♣♣~~ ♣.†[~.f@♣.~~.
♣♣..~ ♣~§
♣.>~.§yy†.~~....~♣♣
♣♣♣
♣♣.~~.....~§~~~..
♣~~~.....~~~~~.
♣♣..~~....~~~~
♣..~♣.~..~~~~ ♣
~..♣~~~~.~~§~ ~
♣♣..♣♣...~.~~~ !
~.§♣ ~~~♣.


You could see a shambling mangrove and 2 hornets.

Vanquished Creatures
  Mara (Swamp:4)
  Gastronok (Lair:2)
  A thorn hunter (Swamp:4)
  A stone giant (D:15)
  A quicksilver ooze (Lair:3)
  3 eleionomae
  Azrael (D:13)
  A minotaur (Gauntlet)
  A dire elephant (Lair:5)
  2 shambling mangroves (Swamp:4)
  Harold (Orc:1)
  14 hydras
  2 ice dragons
  2 death knights
  3 boulder beetles
  6 alligators
  A ghost crab (Swamp:4)
  An ogre mage (D:15)
  2 catoblepae
  2 centaur warriors (D:14)
  7 two-headed ogres
  5 tengu warriors
  8 death yaks
  5 orc high priests
  3 death scarabs (Gauntlet)
  Urug (Lair:1)
  2 spriggans (Swamp:1)
  2 spectral death yaks (Gauntlet)
  5 skeletal warriors (D:13)
  4 swamp dragons
  A steelbarb worm (shapeshifter) (D:14)
  2 spriggan druids (Swamp:1)
  4 bog bodies
  A phantasmal warrior (D:14)
  2 orc knights (D:15)
  3 lindwurms
  2 wizards (D:12)
  2 deep elf pyromancers (D:12)
  A shining eye (shapeshifter) (Gauntlet)
  3 orc sorcerers
  4 manticores
  4 will-o-the-wisps
  6 ugly things
  3 cyclopes
  8 black mambas
  20 elephants
  5 torpor snails (Lair:5)
  Joseph (D:8)
  3 gargoyles
  7 cane toads
  10 komodo dragons
  5 rime drakes
  Maggie (D:10)
  A yaktaur (D:15)
  3 efreet
  6 freezing wraiths
  A polar bear (Lair:3)
  A meliai (shapeshifter) (D:14)
  4 meliai
  8 trolls
  A slime creature (shapeshifter) (Gauntlet)
  19 blink frogs
  14 hornets
  8 tyrant leeches
  5 slime creatures
  The ghost of stil the Magician, an amateur DjIE (D:5)
  A spectral dream sheep (Gauntlet)
  A centaur simulacrum (D:15)
  10 dream sheep
  A spriggan (shapeshifter) (D:14)
  2 vampires (D:13)
  3 basilisks
  2 wraiths
  30 yaks
  A spectral komodo dragon (Gauntlet)
  5 wyverns
  A hog (shapeshifter) (Gauntlet)
  5 fire elementals
  A fire bat (shapeshifter) (Gauntlet)
  11 vampire mosquitoes
  5 swamp worm simulacra (Swamp:4)
  4 steam dragons
  8 wargs
  Edmund (D:6)
  8 swamp worms
  An acid dragon (D:10)
  A hell hound (D:13)
  2 hydra simulacra (Swamp:4)
  12 water moccasins
  3 sky beasts (D:7)
  22 orc warriors
  A swamp drake (Swamp:1)
  3 ice beasts
  A spectral torpor snail (Gauntlet)
  4 black bears
  11 centaurs
  11 ogres
  20 wolves
  11 bullfrogs
  4 scorpions
  4 necrophages
  5 wights (D:8)
  3 killer bees (Lair:3)
  3 howler monkeys
  An electric eel (Lair:2)
  6 hounds
  5 jellies
  34 orc priests
  6 iguanas
  Natasha (D:2)
  16 orc wizards
  4 hell rats (Lair:4)
  Robin (D:1)
  10 adders
  2 shadow imps (D:5)
  2 white imps (D:5)
  An ufetubus (D:5)
  3 swamp drake simulacra (Swamp:4)
  3 worms
  2 dart slugs
  82 orcs
  6 endoplasms
  A giant cockroach (D:1)
  11 hobgoblins
  5 jackals
  5 kobolds
  3 quokkas
  6 ball pythons
  7 bats
  2 frilled lizards (D:1)
  12 goblins
  6 rats
724 creatures vanquished.

Vanquished Creatures (others)
  A will-o-the-wisp (Swamp:3)
  A tengu conjurer (D:15)
  A bloated husk (Swamp:1)
  A swamp worm (Swamp:4)
  An ogre (Orc:2)
  An electric eel (shapeshifter) (Gauntlet)
  An orc priest (Orc:2)
  2 orc wizards
  20 demonic plants (Gauntlet)
  25 foxfires
  41 fungi
  67 plants
162 creatures vanquished.

Grand Total: 886 creatures vanquished

Notes
Turn   | Place    | Note
-------+----------+-------------------------------------------
     0 | D:1      | BritishOli the Demonspawn Fighter began the quest for the
                  | Orb.
     0 | D:1      | Reached XP level 1. HP: 18/18 MP: 1/1
   229 | D:1      | Found Simuuwn's General Store.
   495 | D:1      | Gained mutation: You regenerate a little health from kills.
                  | [demonic ancestry]
   495 | D:1      | Reached XP level 2. HP: 24/24 MP: 2/2
  1253 | D:1      | Bought a scroll of identify for 20 gold pieces
  1267 | D:2      | Found a faded altar of an unknown god.
  1272 | D:2      | Noticed Robin
  1276 | D:2      | Gained mutation: You sometimes gain a little power by
                  | taking damage. [demonic ancestry]
  1276 | D:2      | Reached XP level 3. HP: 27/29 MP: 3/3
  1297 | D:1      | Killed Robin
  1642 | D:2      | Gained mutation: You sometimes gain power by taking damage.
                  | [demonic ancestry]
  1642 | D:2      | Reached XP level 4. HP: 36/36 MP: 4/4
  1644 | D:2      | Identified the +11 mace "Bung" {vorpal, *Noise rPois Str+4}
  1736 | D:2      | Noticed Natasha
  1739 | D:2      | Killed Natasha
  1746 | D:2      | Identified the +7 rapier of Day {vorpal, rC- Dex+5 Stlth+}
  1831 | D:3      | You fall into a shaft and drop 3 floors!
  1836 | D:5      | Entered Level 5 of the Dungeon
  1841 | D:5      | Reached skill level 4 in Fighting
  1841 | D:5      | Reached skill level 1 in Maces & Flails
  1844 | D:5      | Found a transporter.
  1844 | D:5      | Noticed stil's ghost (amateur DjIE)
  1861 | D:5      | Noticed a centaur
  1907 | D:5      | Killed a centaur
  1908 | D:5      | Reached skill level 5 in Fighting
  1908 | D:5      | Gained mutation: You are partially covered in thin metallic
                  | scales. (AC +2) [demonic ancestry]
  1908 | D:5      | Reached XP level 5. HP: 44/44 MP: 5/5
  1918 | D:5      | Found a transporter.
  2044 | D:3      | Gained mutation: You regenerate health from kills. [demonic
                  | ancestry]
  2044 | D:3      | Reached XP level 6. HP: 52/52 MP: 6/6
  2060 | D:3      | Reached skill level 6 in Fighting
  2592 | D:4      | Found an iron altar of Okawaru.
  2604 | D:4      | Became a worshipper of Warmaster Okawaru
  2982 | D:5      | Reached skill level 7 in Fighting
  2986 | D:5      | Reached XP level 7. HP: 60/60 MP: 7/7
  3217 | D:5      | Found Eppum's Antique Armour Shoppe.
  3333 | D:5      | Reached skill level 8 in Fighting
  3625 | D:6      | Reached * piety under Okawaru
  3691 | D:6      | Reached skill level 9 in Fighting
  3695 | D:6      | Reached XP level 8. HP: 71/71 MP: 8/8
  3869 | D:6      | Reached skill level 10 in Fighting
  3961 | D:6      | Reached ** piety under Okawaru
  3969 | D:6      | Noticed Edmund
  3978 | D:6      | Killed Edmund
  4054 | D:6      | Reached skill level 11 in Fighting
  4284 | D:7      | Gained mutation: You have a pair of small antennae on your
                  | head. [demonic ancestry]
  4284 | D:7      | Reached XP level 9. HP: 76/81 MP: 9/9
  4324 | D:7      | Found a staircase to the Ecumenical Temple.
  4445 | D:7      | Reached *** piety under Okawaru
  4446 | D:7      | Reached skill level 12 in Fighting
  4928 | D:8      | Reached skill level 13 in Fighting
  5180 | D:8      | Reached **** piety under Okawaru
  5301 | D:8      | Reached skill level 5 in Armour
  5309 | D:8      | Reached XP level 10. HP: 92/92 MP: 10/10
  5396 | D:8      | Noticed Joseph
  5403 | D:8      | Killed Joseph
  5550 | D:9      | Noticed a gargoyle
  5567 | D:9      | Killed a gargoyle
  5755 | D:9      | Found a transporter.
  5755 | D:9      | Noticed LordBelias's ghost (journeyman FoFi)
  5783 | D:9      | Noticed a two-headed ogre
  5941 | D:5      | Killed stil's ghost
  5941 | D:5      | Reached ***** piety under Okawaru
  6190 | D:9      | Killed a two-headed ogre
  6190 | D:9      | Identified the +0 plate armour "Mecof" {Drain Dex+7}
                  | (Okawaru gifted it to you on level 9 of the Dungeon)
  6190 | D:9      | Received a gift from Okawaru
  6277 | D:9      | Found the +9 scales of the Dragon King {rPois rF+ rC+
                  | Will+}
  6466 | D:9      | Found a transporter.
  6552 | D:9      | Found a staircase to the Lair.
  6696 | D:10     | Entered Level 10 of the Dungeon
  6787 | D:10     | Reached skill level 10 in Armour
  6818 | D:10     | Found a staircase to the Orcish Mines.
  7011 | D:10     | Noticed Maggie
  7020 | D:10     | Killed Maggie
  7148 | D:10     | Noticed a two-headed ogre
  7155 | D:10     | Killed a two-headed ogre
  7156 | D:10     | Reached XP level 11. HP: 98/98 MP: 11/11
  7553 | Lair:1   | Entered Level 1 of the Lair of Beasts
  7560 | Lair:1   | Noticed Urug
  7584 | Lair:1   | Killed Urug
  7585 | Lair:1   | Reached skill level 1 in Short Blades
  7977 | Lair:1   | Received a gift from Okawaru
  8131 | Lair:1   | Reached ****** piety under Okawaru
  8142 | Lair:1   | Reached skill level 5 in Short Blades
  8508 | Lair:1   | Gained mutation: You regenerate a lot of health from kills.
                  | [demonic ancestry]
  8508 | Lair:1   | Reached XP level 12. HP: 96/105 MP: 12/12
  8517 | Lair:1   | Identified the -1 buckler of the Sky {Str-3 Dex+7 SInv}
                  | (Okawaru gifted it to you on level 1 of the Lair of Beasts)
  8517 | Lair:1   | Received a gift from Okawaru
  8845 | Lair:2   | Found a staircase to the Swamp.
  9127 | Lair:2   | Noticed Gastronok
  9144 | Lair:2   | Killed Gastronok
  9383 | Lair:2   | Reached skill level 10 in Short Blades
  9867 | Lair:3   | Noticed a five-headed hydra
  9878 | Lair:3   | Killed a one-headed hydra
  9965 | Lair:3   | Noticed a catoblepas
  9989 | Lair:3   | Killed a catoblepas
  9989 | Lair:3   | Received a gift from Okawaru
 10004 | Lair:3   | Found a hole to the Spider Nest.
 10229 | Lair:3   | Noticed a death yak
 10238 | Lair:3   | Noticed a death yak
 10238 | Lair:3   | Noticed a death yak
 10239 | Lair:3   | Killed a death yak
 10239 | Lair:3   | Noticed a death yak
 10242 | Lair:3   | Noticed a death yak
 10252 | Lair:3   | Killed a death yak
 10253 | Lair:3   | Reached XP level 13. HP: 111/111 MP: 13/13
 10277 | Lair:3   | Reached skill level 14 in Fighting
 10395 | Lair:3   | Identified the -1 pair of gloves of Juroik {rPois} (Okawaru
                  | gifted it to you on level 3 of the Lair of Beasts)
 10395 | Lair:3   | Received a gift from Okawaru
 10517 | Lair:3   | Reached skill level 15 in Fighting
 11059 | Lair:4   | Got A Beginning Course on Willworking
 11091 | Lair:4   | Noticed a quicksilver ooze
 11203 | Lair:3   | Killed a quicksilver ooze
 11560 | Lair:4   | Reached skill level 16 in Fighting
 11791 | Lair:5   | Entered Level 5 of the Lair of Beasts
 12343 | Lair:5   | Identified the +3 ring mail "Ajiegioj" {+Inv rCorr Str+4}
                  | (Okawaru gifted it to you on level 5 of the Lair of Beasts)
 12343 | Lair:5   | Received a gift from Okawaru
 12363 | Lair:5   | Noticed a dire elephant
 12399 | Lair:5   | Killed a dire elephant
 12512 | Lair:5   | Found a staircase to the Slime Pits.
 12525 | Lair:5   | Reached skill level 17 in Fighting
 12596 | Lair:5   | Found a runed translucent door.
 12648 | Lair:5   | Gained mutation: You have a pair of antennae on your head.
                  | [demonic ancestry]
 12648 | Lair:5   | Reached XP level 14. HP: 111/128 MP: 14/14
 13484 | Lair:5   | Reached skill level 18 in Fighting
 13598 | Lair:5   | Received a gift from Okawaru
 13940 | Orc:1    | Entered Level 1 of the Orcish Mines
 14213 | Orc:1    | Noticed Harold
 14252 | Orc:1    | Killed Harold
 14361 | Orc:2    | Entered Level 2 of the Orcish Mines
 14579 | Orc:2    | Reached skill level 19 in Fighting
 14655 | Orc:2    | Found a staircase to the Elven Halls.
 15199 | Orc:2    | Found Deefam's Armour Shoppe.
 15199 | Orc:2    | Found Byam's Armour Boutique.
 15238 | Orc:2    | Found a transporter.
 15243 | Orc:2    | Found a transporter.
 15248 | Orc:2    | Noticed Pierdu's ghost (adept SpEn)
 15594 | Orc:2    | Found Poqomil's Distillery.
 15594 | Orc:2    | Found Pomaro's Book Boutique.
 15632 | Orc:2    | Bought a potion of heal wounds for 60 gold pieces
 15632 | Orc:2    | Bought a potion of heal wounds for 60 gold pieces
 15731 | Orc:2    | Reached skill level 5 in Long Blades
 15752 | Orc:2    | Paralysed by an orc sorcerer for 4 turns
 15776 | Orc:2    | HP: 5/129 [mana viper[Pierdu's ghost] (15)]
 16121 | Orc:1    | Received a gift from Okawaru
 16631 | D:11     | Found a stormy altar of Qazlal.
 17065 | D:11     | Identified the +4 spear of Defence by Offence {vorpal,
                  | Dex+5}
 17302 | D:12     | Found a bloodstained altar of Trog.
 17543 | D:12     | Identified the +2 buckler "Quow" {Drain rF+ rC+ Dex+2}
                  | (Okawaru gifted it to you on level 12 of the Dungeon)
 17543 | D:12     | Received a gift from Okawaru
 17807 | D:12     | Reached XP level 15. HP: 139/139 MP: 15/15
 17852 | D:12     | Got the Grimoire of the Toxic Wind
 17854 | D:12     | Got the Almanac of Transformed Blight
 18149 | D:13     | Found a gate leading to a gauntlet.
 18156 | Gauntlet | Entered a Gauntlet
 18156 | Gauntlet | Found a transporter.
 18156 | Gauntlet | Found a transporter.
 18161 | Gauntlet | Found a transporter.
 18176 | Gauntlet | Found a transporter.
 18194 | Gauntlet | Found a transporter.
 18203 | Gauntlet | Found a transporter.
 18205 | Gauntlet | Found a large runed translucent door.
 18205 | Gauntlet | Found a large runed translucent door.
 18206 | Gauntlet | Found a large runed translucent door.
 18206 | Gauntlet | Found a large runed translucent door.
 18207 | Gauntlet | Found a large runed translucent door.
 18207 | Gauntlet | Found a large runed translucent door.
 18207 | Gauntlet | Found a runed translucent door.
 18207 | Gauntlet | Found a runed translucent door.
 18207 | Gauntlet | Found a large runed translucent door.
 18208 | Gauntlet | Found a large runed translucent door.
 18215 | Gauntlet | Found a large runed translucent door.
 18215 | Gauntlet | Found a large runed translucent door.
 18216 | Gauntlet | Found a large runed translucent door.
 18216 | Gauntlet | Found a large runed translucent door.
 18217 | Gauntlet | Found a large runed translucent door.
 18217 | Gauntlet | Found a large runed translucent door.
 18280 | Gauntlet | Found a transporter.
 18296 | Gauntlet | Found a transporter.
 18310 | Gauntlet | Found a transporter.
 18323 | Gauntlet | Found a transporter.
 18412 | Gauntlet | Found a transporter.
 18422 | Gauntlet | Found a transporter.
 18428 | Gauntlet | Found a large runed translucent door.
 18429 | Gauntlet | Found a large runed translucent door.
 18429 | Gauntlet | Found a transporter.
 18431 | Gauntlet | Found a runed translucent gate.
 18432 | Gauntlet | Found a transporter.
 18432 | Gauntlet | Found a transporter.
 18432 | Gauntlet | Found a runed translucent gate.
 18433 | Gauntlet | Found a runed translucent gate.
 18456 | Gauntlet | Found a transporter.
 18502 | Gauntlet | Gained mutation: You are frail. (-10% HP) [potion of
                  | mutation]
 18502 | Gauntlet | Gained mutation: Your flesh is cold resistant. (rC+)
                  | [potion of mutation]
 18502 | Gauntlet | Gained mutation: You sometimes lose your temper in combat.
                  | [potion of mutation]
 18502 | Gauntlet | Gained mutation: You have sharp toenails. [potion of
                  | mutation]
 18634 | Gauntlet | Identified the +9 falchion of the Mouth {vorpal, Str+2}
 18639 | Gauntlet | Identified the ring "Norr" {rN+ Str+6 Int+2}
 18693 | Gauntlet | Gained mutation: You are agile. (Dex +4, Str/Int -1) [a
                  | shining eye]
 18694 | Gauntlet | Identified the +0 ring mail of the Skies Above {Regen+ MP+9
                  | Str+2}
 18712 | Gauntlet | Gained mutation: You are weak. (Str -2) [a shining eye]
 18721 | Gauntlet | Identified the +1 cloak of Impatience {rPois rN++ rCorr
                  | Stlth+}
 18784 | Gauntlet | Identified the +7 dagger of Zihergho {vorpal, Fragile rN++
                  | Will+ Str+4}
 18795 | Gauntlet | Got the Parchment of the Winter and Command
 18910 | D:13     | Found Doceniuts's Armour Shoppe.
 19417 | D:13     | Noticed Azrael
 19443 | D:13     | Killed Azrael
 19693 | D:14     | Found a runed translucent gate.
 19711 | D:14     | Reached skill level 10 in Long Blades
 19711 | D:14     | Found a runed translucent gate.
 19711 | D:14     | Found a runed translucent gate.
 19713 | D:14     | Noticed fly's ghost (journeyman DgDe)
 19721 | D:14     | Noticed a sphinx
 19797 | D:14     | Found a shadowy altar of Dithmenos.
 20150 | D:14     | Found a gate to the Vaults.
 20856 | D:15     | Entered Level 15 of the Dungeon
 21220 | D:15     | Identified the +1 pair of gloves "Evvonari" {Will+}
                  | (Okawaru gifted it to you on level 15 of the Dungeon)
 21220 | D:15     | Received a gift from Okawaru
 21223 | D:15     | Found a staircase to the Depths.
 22397 | Swamp:1  | Entered Level 1 of the Swamp
 22583 | Swamp:1  | Gained mutation: You are mostly covered in thin metallic
                  | scales. (AC +3) [demonic ancestry]
 22583 | Swamp:1  | Reached XP level 16. HP: 48/131 MP: 16/16
 23397 | Swamp:2  | You fall into a shaft and drop 1 floor!
 23421 | Swamp:3  | Noticed Aizul
 23454 | Swamp:3  | HP: 4/131 [Aizul/poison arrow (19)]
 23476 | Swamp:4  | Entered Level 4 of the Swamp
 23604 | Swamp:4  | Noticed a thorn hunter
 23619 | Swamp:4  | Killed a thorn hunter
 23871 | Swamp:4  | Noticed Mara
 23905 | Swamp:4  | Noticed BritishOli's illusion
 23920 | Swamp:4  | Killed Mara
 23920 | Swamp:4  | Identified the +9 plate armour of Exclusion {rC+ Int+6}
                  | (Okawaru gifted it to you on level 4 of the Swamp)
 23920 | Swamp:4  | Received a gift from Okawaru
 24630 | Swamp:3  | Reached skill level 15 in Long Blades
 24689 | Swamp:3  | Constricted to death by a shambling mangrove

Illustrated notes

Levels and vault maps discovered:
D:1:      wheals_arrival_linesprint, layout_loops_cross, serial_shops,
          nicolae_shop_window_shopping, minmay_stone_trees_large,
          minmay_misc_feat_cross
D:2:      layout_rooms, ebering_ecumenical_altar_ruins, minmay_pentomino_x4,
          uniq_robin, uniq_natasha
D:3:      layout_basic
D:4:      layout_basic, okawaru_trees_2
D:5:      layout_loops_ring, gammafunk_ghost_arena, serial_shops, shop,
          kennysheep_generic_room_16
D:6:      minmay_diamond_boxcup, layout_rooms, grunt_decor_clamped,
          minmay_misc_feat_alley, corexii_leaking_fountain, uniq_edmund
D:7:      layout_rooms, minmay_temple_entry_drinking_statues, abandoned_shop
D:8:      layout_basic, uniq_joseph
D:9:      layout_long_grid, grunt_lair_entry_orc_guard_hut,
          gammafunk_ghost_arena
D:10:     kennysheep_steamy, layout_basic, uniq_maggie
D:11:     layout_roguey, roderic_nine_men_s_morris,
          nicolae_qazlal_scattered_showers
D:12:     cheibrodos_lost_city_excavation, layout_basic, trog_butcher_becter
D:13:     layout_rooms, gauntlet_entry_generic, serial_shops,
          nicolae_shop_window_shopping, uniq_azrael
D:14:     layout_basic, david_vaults_2, nicolae_dithmenos_shadow_blocks,
          gammafunk_ghost_split
D:15:     grunt_enter_depths_snipers, layout_stronghold,
          chequers_serial_rivers_micro_a
Lair:1:   layout_chaotic_city, grunt_megastairs_4, infiniplex_staircase_pool_2,
          uniq_urug
Lair:2:   layout_roguey, skrybe_swamp_entry_bodies, serial_bayou_ford_a,
          chequers_serial_rivers_marsh, minivault_11, serial_bayou_shore_a,
          serial_bayou_shore_b, uniq_gastronok
Lair:3:   layout_loops_ring, hellmonk_spider_entry_not_the_bees,
          grunt_megastairs_3
Lair:4:   layout_roguey, nicolae_lair_time_for_slime, grunt_megastairs_1
Lair:5:   wormcave, layout_cellular_growth, hangedman_lair_in_review,
          slime_entry_1, chequers_serial_rivers_micro_b
Swamp:1:  nicolae_swamp_tree_isthmus, layout_falls_marsh,
          nicolae_swamp_round_clearing
Swamp:2:  layout_falls_marsh, ebering_ghost_disaster_area,
          evilmike_swamp_ruin_house_2, uniq_louise, uniq_kirke
Swamp:3:  layout_basic_swamp, hangedman_swamp_diagram, uniq_aizul
Swamp:4:  swamp_icy, layout_basic_swamp, uniq_mara
Orc:1:    layout_caves, uniq_harold
Orc:2:    st_orc_town, layout_caves, gammafunk_ghost_arena, basic_altar,
          lemuel_statue_altar

Skill      XL: |  1  2  3  4  5  6  7  8  9 10 11 12 13 14 15 16 |
---------------+-------------------------------------------------+-----
Long Blades    | 2 7 12 15 | 15.1
Armour         | 3 6 10 12 | 12.0
Shields        | 3 4 |  4.4
Fighting       | 5 7 9 11 13 17 19 | 19.0
Maces & Flails | 1 |  1.0
Short Blades   | 6 10 | 10.8

Action                   |  1- 3 |  4- 6 |  7- 9 | 10-12 | 13-15 | 16-18 || total
-------------------------+-------+-------+-------+-------+-------+-------++-------
Melee: Long sword        |   155 |       |       |     7 |   105 |   266 ||   533
       Mace              |       |    81 |   197 |   557 |   525 |       ||  1360
       Rapier            |       |       |       |       |   907 |       ||   907
       Falchion          |       |       |       |       |   519 |   109 ||   628
Throw: Javelin           |       |       |     2 |    20 |    27 |     4 ||    53
Invok: Heroism           |       |       |       |       |     2 |     4 ||     6
       Finesse           |       |       |       |       |       |     1 ||     1
Evoke: Wand              |       |       |       |    12 |    10 |     1 ||    23
       Phial of floods   |       |       |       |     1 |     1 |       ||     2
       Condenser vane    |       |       |       |     1 |     1 |       ||     2
  Use: Scroll            |     1 |       |     8 |     7 |    17 |     5 ||    38
       Potion            |       |       |       |     1 |     9 |     7 ||    17
 Stab: Petrified         |       |       |       |     7 |     2 |       ||     9
       Invisible         |       |       |       |     2 |       |       ||     2
       Petrifying        |       |       |       |     1 |     1 |       ||     2
       Confused          |       |       |       |       |     1 |       ||     1
Armor: Scale mail        |    78 |    57 |   122 |       |       |       ||   257
       Gold dragon scale |       |       |       |   603 |  1832 |   451 ||  2886
       Plate armour      |       |       |       |    50 |       |       ||    50
Dodge: Dodged            |    90 |    56 |   102 |   170 |   502 |   109 ||  1029
Block: Buckler           |    45 |    29 |    74 |   215 |   881 |   176 ||  1420

Table legend: (Time is in decaauts)
 A = Elapsed time spent in this place.
 B = Non-inter-level travel time spent in this place.
 C = Inter-level travel time spent in this place.
 D = Time resting spent in this place.
 E = Time spent auto-exploring this place.
 F = Levels seen in this place.
 G = Mean time per level.
                   A        B        C        D        E       F      G
               +--------+--------+--------+--------+--------+-----+--------+
         Total |  25127 |  23211 |   1916 |   1393 |  14420 |  27 |  930.6 |
       Dungeon |  13066 |  11716 |   1350 |    252 |   8583 |  15 |  871.1 |
          Lair |   6829 |   6539 |    290 |    514 |   3598 |   5 | 1365.8 |
         Swamp |   2310 |   2264 |     46 |    444 |   1064 |   4 |  577.5 |
  Orcish Mines |   2213 |   1985 |    228 |    182 |    860 |   2 | 1106.5 |
      Gauntlet |    708 |    708 |      0 |      0 |    314 |   1 |  708.0 |
               +--------+--------+--------+--------+--------+-----+--------+

Top non-repeatable levels by time:
  Lair:5: 2022 daAuts
   Orc:2: 1602 daAuts
  Lair:1: 1321 daAuts
     D:1: 1315 daAuts
    D:14: 1292 daAuts
    D:15: 1270 daAuts
 Swamp:4: 1242 daAuts
  Lair:4: 1216 daAuts
  Lair:3: 1151 daAuts
  Lair:2: 1117 daAuts
    D:10: 1096 daAuts
     D:9: 996 daAuts
     D:5: 991 daAuts
    D:12: 918 daAuts
     D:8: 826 daAuts
